Map: [ESL] Crimson Court

Players

Ryung - Winner!

  • Race: Terran Terran
  • Spawn Location: 1:00

Future

  • Race: Terran Terran
  • Spawn Location: 7:00

Event: ESL Spring 2024 Finals

VOD

Have the link to the VOD?

Description

Time

  • Played on: May 31, 2024, 2:06 p.m.
  • Length: 10:37

All games in this series

Show
View Real Time Build Order
Export as new Build Order

Ryung Terran - Winner!

Build Orders: Cyclone Opening 

Get SALT Encoding   

  12  0:00  SCV  
  13  0:12  SCV  
  14  0:17  Supply Depot  
  14  0:24  SCV  
  15  0:39  SCV  
  15  0:41  Barracks  
  16  0:43  Refinery  
  16  0:51  SCV  
  16  0:52  Refinery  
  17  1:03  SCV  
  18  1:15  SCV  
  19  1:28  Orbital Command, Reaper  
  19  1:31  Supply Depot  
  20  1:42  Factory  
  20  1:53  SCV  
  21  2:00  Reaper  
  22  2:05  SCV  
  23  2:17  SCV  
  24  2:26  Hellion  
  24  2:29  SCV  
  26  2:38  Command Center  
  26  2:42  SCV  
  26  2:43  Starport  
  27  2:49  Cyclone  
  29  2:54  SCV  
  30  2:59  Supply Depot  
  30  3:01  Barracks Tech Lab  
  30  3:06  SCV  
  31  3:21  SCV  
  31  3:25  Cyclone, Banshee  
  31  3:26  Barracks Reactor  
  37  3:33  SCV  
  38  3:45  SCV  
  39  3:51  Orbital Command  
  39  3:56  Refinery  
  39  3:57  Factory Tech Lab  
  39  3:58  SCV  
  39  4:02  Marine  
  41  4:03  Marine  
  41  4:07  Supply Depot  
  42  4:10  Raven  
  42  4:11  SCV  
  42  4:16  Siege Tank  
  48  4:17  SCV  
  48  4:23  SCV  
  50  4:25  Interference Matrix  
  50  4:26  Marine x2  
  50  4:29  SCV  
  53  4:32  Supply Depot  
  53  4:35  SCV  
  54  4:41  SCV  
  55  4:46  Raven  
  55  4:47  SCV  
  55  4:51  Command Center  
  58  4:53  SCV  
  60  5:00  SCV  
  60  5:04  Refinery  
  60  5:05  SCV  
  61  5:07  Siege Tank, Marine x2  
  61  5:14  Supply Depot  
  66  5:15  SCV  
  66  5:17  SCV  
  68  5:27  SCV  
  69  5:29  Supply Depot, SCV  
  70  5:36  Viking x2  
  70  5:39  Siege Tank  
  70  5:40  SCV  
  50  5:50  Marine, Stimpack  
  78  5:51  Supply Depot, SCV  
  78  6:02  SCV  
  78  6:03  Orbital Command, SCV  
  80  6:06  Viking x2  
  83  6:18  Siege Tank  
  83  6:19  SCV x2, Barracks  
  83  6:20  Barracks  
  83  6:24  Marine  
  89  6:29  Orbital Command  
  89  6:31  SCV  
  89  6:32  SCV  
  86  6:38  Engineering Bay x2  
  86  6:42  Viking x2  
  90  6:54  SCV x2  
  90  6:55  SCV  
  90  6:57  Marine  
  94  7:04  Siege Tank  
  94  7:06  SCV  
  94  7:07  SCV  
  94  7:08  Barracks Reactor x2  
  99  7:09  Barracks  
  99  7:11  Terran Infantry Weapons Level 1, Terran Infantry Armor Level 1  
  99  7:12  Barracks  
  99  7:14  SCV  
  97  7:19  SCV x2  
  97  7:21  Sensor Tower  
  99  7:28  SCV, Marine  
  101  7:31  SCV x2  
  101  7:32  Supply Depot  
  103  7:38  Medivac  
  103  7:39  Medivac  
  103  7:41  SCV  
  103  7:43  SCV  
  109  7:47  Supply Depot  
  109  7:48  SCV  
  106  7:55  Siege Tank, Marine x5  
  103  7:59  SCV  
  103  8:00  SCV  
  103  8:04  Barracks Reactor x2  
  102  8:07  Combat Shield  
  99  8:12  Marine  
  99  8:13  SCV x2, Marine x2  
  99  8:15  Marine x2  
  99  8:18  Liberator  
  106  8:25  SCV  
  102  8:29  Orbital Command  
  102  8:30  Marine x3  
  102  8:33  Siege Tank, Marine x2  
  109  8:42  Supply Depot  
  109  8:43  Viking  
  109  8:44  Marine x3  
  109  8:47  Marine  
  109  8:48  Marine x3  
  115  8:51  Marine x2  
  120  9:02  Marine x3  
  123  9:05  Marine  
  123  9:06  Marine x3  
  127  9:10  Siege Tank  
  127  9:14  Marine x2  
  118  9:19  Marine  
  118  9:20  Marine x2  
  118  9:23  Marine  
  118  9:24  Marine x3  
  120  9:32  Marine x2  
  120  9:37  Marine x3  
  125  9:41  Marine  
  125  9:42  Marine x2  
  121  9:45  Marine  
  121  9:50  Orbital Command, Marine x2  
  121  9:52  SCV x2  
  122  9:55  Marine x2  
  121  10:02  Armory  
  121  10:13  Marine  
  121  10:14  Marine x3  
  122  10:20  Supply Depot x2  
Show
View Real Time Build Order
Export as new Build Order

Future Terran 

Build Orders: Cyclone Opening 

Get SALT Encoding   

  12  0:00  SCV  
  13  0:12  SCV  
  14  0:16  Supply Depot  
  14  0:24  SCV  
  15  0:38  SCV  
  15  0:39  Barracks  
  16  0:44  Refinery  
  16  0:50  SCV  
  16  0:53  Refinery  
  17  1:02  SCV  
  18  1:14  SCV  
  19  1:26  Orbital Command, Reaper  
  20  1:42  Supply Depot  
  20  1:43  Factory  
  20  1:52  SCV  
  21  1:58  Reaper  
  22  2:04  SCV  
  23  2:16  SCV  
  23  2:18  Command Center  
  24  2:27  Cyclone  
  26  2:30  Barracks Reactor  
  26  2:31  SCV  
  27  2:38  Supply Depot  
  27  2:43  SCV  
  28  2:49  Starport  
  28  2:55  SCV  
  29  3:00  Factory Tech Lab  
  29  3:06  Marine x2  
  29  3:08  SCV  
  32  3:14  Refinery  
  32  3:19  Siege Tank  
  35  3:20  SCV  
  35  3:24  Marine x2  
  38  3:31  Orbital Command  
  38  3:34  SCV  
  39  3:38  Medivac  
  41  3:42  Marine  
  41  3:43  Marine  
  41  3:46  SCV  
  44  3:51  Supply Depot  
  42  3:56  Siege Tank  
  42  3:59  SCV  
  42  4:01  SCV  
  47  4:03  Marine  
  47  4:06  Marine  
  49  4:13  Starport Tech Lab  
  49  4:14  SCV x2  
  51  4:20  Supply Depot  
  51  4:22  Marine  
  52  4:24  Marine  
  52  4:26  SCV  
  52  4:27  SCV  
  55  4:33  Raven, Interference Matrix  
  55  4:37  Factory Tech Lab  
  57  4:38  SCV  
  57  4:39  SCV  
  57  4:42  Starport  
  57  4:44  Supply Depot  
  57  4:45  Marine  
  60  4:46  Marine  
  60  4:50  SCV  
  60  4:51  SCV  
  61  4:59  Siege Tank  
  61  5:03  SCV  
  61  5:05  SCV  
  63  5:07  Marine x2  
  63  5:12  Raven  
  67  5:15  SCV  
  67  5:17  SCV  
  67  5:21  Supply Depot  
  69  5:25  Viking  
  69  5:27  SCV  
  72  5:29  SCV  
  73  5:37  Siege Tank  
  73  5:40  Marine  
  73  5:41  SCV  
  73  5:42  SCV  
  79  5:43  Supply Depot  
  79  5:51  Viking  
  79  5:53  SCV  
  79  5:54  SCV  
  82  6:05  SCV  
  82  6:08  Marine  
  82  6:09  SCV  
  88  6:11  Siege Tank  
  88  6:12  Supply Depot, Refinery  
  85  6:21  Viking x2  
  85  6:22  SCV  
  85  6:23  SCV  
  91  6:35  SCV  
  91  6:39  Command Center  
  92  6:42  Liberator  
  92  6:43  Marine  
  96  6:47  Siege Tank  
  99  6:55  Viking  
  99  7:03  Viking  
  99  7:06  Supply Depot  
  101  7:19  Marine  
  102  7:25  Viking  
  102  7:27  Siege Tank  
  105  7:30  Viking  
  105  7:35  SCV x2  
  109  7:48  Barracks x2, Viking  
  109  7:49  Barracks x2  
  100  7:52  Marine  
  91  7:59  Siege Tank  
  91  8:03  SCV x2  
  91  8:04  Engineering Bay  
  94  8:07  Engineering Bay, Viking  
  94  8:10  Marine  
  97  8:13  Stimpack  
  97  8:15  Viking  
  97  8:16  SCV  
  97  8:19  SCV  
  101  8:26  Orbital Command  
  101  8:28  Marine  
  101  8:30  SCV  
  101  8:31  SCV  
  106  8:36  Terran Infantry Weapons Level 1  
  106  8:40  Terran Infantry Armor Level 1  
  106  8:46  Barracks Reactor x3  
  106  8:47  Barracks Reactor  
  106  8:48  SCV x2  
  106  8:54  SCV  
  107  8:56  Marine  
  107  8:57  Refinery x2  
  107  8:58  Supply Depot  
  107  9:01  SCV  
  109  9:03  SCV  
  109  9:06  SCV  
  111  9:11  Siege Tank  
  111  9:14  Marine  
  111  9:16  SCV  
  110  9:21  Viking x2  
  102  9:31  Marine x8  
  98  9:32  Marine  
  96  9:48  Marine  
  96  9:49  Marine x5  
  96  9:50  Siege Tank, Marine  
  96  9:51  Marine  
  96  9:52  Marine  
  82  10:03  Raven  
  82  10:06  Marine x5  
  85  10:07  Marine  
  85  10:08  Marine  
  85  10:11  Marine  
  85  10:13  Marine  
Tags
 
Add a new tag
Caveats
  • Supply blocks, unpowered buildings, or Contaminate may cause inaccurate times.
  • Supply counts are checked every 10 seconds.